 Dungeon Crawl Stone Soup version 0.30-a0-218-gedb9141078 (webtiles) character file.

Game seed: 16238915500441410493

39 Aibolit the Trooper (level 3, 0/33 HPs)
             Began as a Hill Orc Fighter on Oct 5, 2022.
             Succumbed to a gnoll's poison
             ... on level 2 of the Dungeon.
             The game lasted 00:01:35 (848 turns).

Aibolit the Trooper (Hill Orc Fighter)               Turns: 848, Time: 00:01:36

Health: 0/33       AC: 10    Str: 20    XL:     3   Next: 45%
Magic:  3/3        EV:  7    Int:  8    God:
Gold:   38         SH:  4    Dex: 10    Spells: 2/2 levels left

rFire   . . .      SeeInvis .    a - +0 war axe
rCold   . . .      Faith    .    c - +0 buckler
rNeg    . . .      Spirit   .    m - +0 chain mail
rPois   .          Reflect  .    b - +0 helmet
rElec   .          Harm     .    (no cloak)
rCorr   .          Rampage  .    (no gloves)
Will    .....                    (no boots)
Stlth   ..........               (no amulet)
HPRegen 0.25/turn                (no ring)
MPRegen 0.08/turn                (no ring)

@: mighty, lethally poisoned (0 -> -8)
A: no striking features
a: no special abilities


You were on level 2 of the Dungeon.
You visited 1 branch of the dungeon, and saw 2 of its levels.

You collected 38 gold pieces.

Inventory:

Hand Weapons
 a - a +0 war axe (weapon)
Armour
 b - a +0 helmet (worn)
 c - a +0 buckler (worn)
 m - a +0 chain mail (worn)
Magical Staves
 e - a staff of death
Scrolls
 f - a scroll of identify
 h - 2 scrolls of fear {unknown}
 k - a scroll of brand weapon
Potions
 g - a potion of cancellation {unknown}
 i - a potion of flight {unknown}
 j - a potion of haste {unknown}
 l - a potion of mutation {unknown}


   Skills:
 + Level 4.0 Fighting
 + Level 3.6 Axes
 + Level 3.7 Armour
 + Level 3.6 Shields


You had 2 spell levels left.
You didn't know any spells.
Your spell library was empty.

Dungeon Overview and Level Annotations

Branches:
Dungeon (2/15)

Altars:


Message History

The gnoll is heavily wounded.
You closely miss the gnoll. The gnoll barely misses you.
The gnoll hits you with a +0 halberd!
You slash the gnoll!
You kill the gnoll!
You closely miss the gnoll. The gnoll hits you with a +0 flail.
The ball python bites you but does no damage.
The ball python barely misses you.
The gnoll hits you from afar with a +0 spear of venom.
You are poisoned.
You barely miss the gnoll. You barely miss the ball python.
You feel very sick. The ball python completely misses you.
The ball python grabs you. The ball python constricts you.
The gnoll barely misses you.
You are too injured to fight recklessly!
You are too injured to fight recklessly!
You are too injured to fight recklessly!
You are too injured to fight recklessly!
You are too injured to fight recklessly!
You escape the ball python's grasp.
You feel sick.
A dart slug comes into view.
The gnoll hits you with a +0 club.
* * * LOW HITPOINT WARNING * * *
You feel very mighty all of a sudden.
You feel sick. You block the ball python's attack.
The ball python barely misses you. The gnoll barely misses you.
You closely miss the ball python. You slash the gnoll!
You feel sick. The ball python bites you.
* * * LOW HITPOINT WARNING * * *
The ball python grabs you. The ball python constricts you.
The gnoll hits you but does no damage.
You are lethally poisoned!
The gnoll hits you with a +0 club.
* * * LOW HITPOINT WARNING * * *
The ball python barely misses you. The ball python constricts you.
You escape the ball python's grasp.
* * * LOW HITPOINT WARNING * * *
You feel sick. The gnoll attacks as you move away! The gnoll barely misses you.
You die...

..# ..# # ..# #
#. ..# #. #.#
..##.#
...##w##gg.$.#
#$....S.#######
.###...g##....<#
.........@.#####
############


You could see a gnoll and a dart slug.

Vanquished Creatures
  A gnoll (D:2)
  A dart slug (D:1)
  3 ball pythons (D:1)
  A bat (D:1)
  A giant cockroach (D:1)
  2 goblins (D:1)
  5 hobgoblins (D:1)
  2 quokkas (D:1)
  A frilled lizard (D:1)
  5 kobolds (D:1)
  3 rats (D:1)
25 creatures vanquished.

Notes
Turn   | Place    | Note
-------+----------+-------------------------------------------
     0 | D:1      | Aibolit the Hill Orc Fighter began the quest for the Orb.
     0 | D:1      | Reached XP level 1. HP: 19/19 MP: 1/1
    86 | D:1      | Reached XP level 2. HP: 27/27 MP: 2/2
   372 | D:1      | Reached skill level 4 in Fighting
   372 | D:1      | Reached XP level 3. HP: 33/33 MP: 3/3
   848 | D:2      | Succumbed to a gnoll's poison

Illustrated notes

Levels and vault maps discovered:
D:1:      moated_graveyard_arrival, layout_basic
D:2:      layout_basic, basic_altar, minivault_23,
          chequers_serial_rivers_large_a, minmay_distorted, uniq_terence

Skill      XL: |  1  2 |
---------------+-------+-----
Axes           | 3 |  3.6
Fighting       | 4 |  4.0
Armour         | |  3.7
Shields        | |  3.6

Action                   || total
-------------------------++-------
Melee: War axe           ||    72
  Use: Scroll            ||     1
       Potion            ||     1
Armor: Scale mail        ||    30
       Chain mail        ||     2
Dodge: Dodged            ||    38
Block: Buckler           ||    14

Table legend: (Time is in decaauts)
 A = Elapsed time spent in this place.
 B = Non-inter-level travel time spent in this place.
 C = Inter-level travel time spent in this place.
 D = Time resting spent in this place.
 E = Time spent auto-exploring this place.
 F = Levels seen in this place.
 G = Mean time per level.
                   A        B        C        D        E       F      G
               +--------+--------+--------+--------+--------+-----+--------+
         Total |    875 |    705 |    170 |      0 |    523 |   2 |  437.5 |
       Dungeon |    875 |    705 |    170 |      0 |    523 |   2 |  437.5 |
               +--------+--------+--------+--------+--------+-----+--------+

Top non-repeatable levels by time:
     D:1: 855 daAuts
     D:2: 20 daAuts
